Capitals vs Lightning

Created - December 2 2007 at 11:13

Goals
1 2 3 OT1 SO T
Capitals 2 1 0 0 1 4
Lightning 0 1 2 0 0 3
Shots
1 2 3 OT1 SO T
Capitals 6 10 7 3 4 26
Lightning 8 6 16 0 4 30

Period #1

1. Capitals , Dainius Zubrus 6 (Kris Beech, Bryan Muir) at 4:01
2. Capitals , Ryane Clowe 9 (Adrian Aucoin, Chris Clark) at 19:50 (PP)

Penalties :
Alexander Ovechkin (WSH) for Holding (Minor) at 0:25, Alexander Ovechkin (WSH) for Slashing (Minor) at 5:07, Alexander Ovechkin (WSH) for Holding Stick (Minor) at 10:45, Brian Sutherby (WSH) for Roughing (Minor) at 11:00, Vincent Lecavalier (TBL) for Hooking (Minor) at 18:42, Ruslan Fedotenko (TBL) for Hooking (Minor) at 19:38

Period #2

3. Capitals , Alexander Ovechkin 11 (Ben Clymer) at 3:59
4. Lightning , Tim Taylor 3 (Ruslan Fedotenko, Jay Pandolfo) at 10:11

Penalties :
Chris Phillips (TBL) for Fighting (Major) at 5:34, Chris Clark (WSH) for Fighting (Major) at 5:34, Jaromir Jagr (TBL) for Hooking (Minor) at 5:55, Ryane Clowe (WSH) for Goalie Interference (Minor) at 5:55, Dainius Zubrus (WSH) for Tripping (Minor) at 11:12, Alexander Ovechkin (WSH) for Holding (Minor) at 12:33, Tim Taylor (TBL) for Hooking (Minor) at 17:47

Period #3

5. Lightning , Eric Lindros 4 (Brad Richards) at 1:35 (PP)
6. Lightning , Vincent Lecavalier 15 (Tom Poti) at 7:32 (PP)

Penalties :
Alexander Semin (WSH) for Hooking (Minor) at 1:23, Steve Eminger (WSH) for High sticking (Minor) at 6:42, Chris Phillips (TBL) for Charging (Minor) at 11:18, Bryan Muir (WSH) for Interference (Minor) at 13:18, Brian Pothier (WSH) for High sticking (Double Minor) at 16:51

Overtime #1

No Goal

Penalties :
No Penalty

Shootout

Penalty Shot by Alexander Semin for Capitals - Stopped by Martin Gerber
Penalty Shot by Vincent Lecavalier for Lightning - Stopped by Marty Turco
Penalty Shot by Alexander Ovechkin for Capitals - Shot Misses the Net
Penalty Shot by Jaromir Jagr for Lightning - Stopped by Marty Turco
Penalty Shot by Kris Beech for Capitals - Shot Misses the Net
Penalty Shot by Dimitry Afanasenkov for Lightning - Shot Misses the Net
Penalty Shot by Chris Clark for Capitals - Goal!
Penalty Shot by Brad Richards for Lightning - Shot Misses the Net

Penalties :
No Penalty

Goalie Stats

Marty Turco (WSH), 27 saves from 30 shots - (0.900), W, 4-6-1, 65:00 minutes
Martin Gerber (TBL), 23 saves from 26 shots - (0.885), OTL, 13-11-5, 65:00 minutes

Players Stats

Capitals
Player Name              G  A  P  +/- PIM S  H  SB FO MP 
-----------------------------------------------------------
Adrian Aucoin            0  1  1  -1  0   2  0  0  0  19 
Alexander Ovechkin       1  0  1   1  8   7  1  0  2  21 
Alexander Semin          0  0  0   0  2   2  3  0  1  18 
Ben Clymer               0  1  1   1  0   0  2  0  0  20 
Brian Pothier            0  0  0   1  4   1  0  0  0  17 
Brian Sutherby           0  0  0  -1  2   0  3  0  27 20 
Bryan Muir               0  1  1   1  2   0  0  1  0  20 
Chris Clark              0  1  1   1  5   4  4  0  3  18 
Dainius Zubrus           1  0  1   1  2   2  2  1  22 18 
David Vyborny            0  0  0   1  0   3  0  0  25 22 
Jeff Schultz             0  0  0  -1  0   0  0  0  0  22 
Kris Beech               0  1  1   1  0   0  0  0  4  25 
Matt Cooke               0  0  0   0  0   0  1  0  2  7  
Matt Pettinger           0  0  0   0  0   0  1  0  0  5  
Richard Zednik           0  0  0  -1  0   3  3  0  3  21 
Ryane Clowe              1  0  1   0  2   1  0  0  5  10 
Shaone Morrisonn         0  0  0   1  0   1  0  1  0  26 
Steve Eminger            0  0  0   0  2   0  1  1  0  8  
Lightning
Player Name              G  A  P  +/- PIM S  H  SB FO MP 
-----------------------------------------------------------
Antti Laaksonen          0  0  0  -1  0   2  1  0  0  4  
Brad Richards            0  1  1  -1  0   2  2  1  29 24 
Carlo Colaiacovo         0  0  0   0  0   0  0  0  0  7  
Chris Phillips           0  0  0   0  7   0  1  3  0  23 
Dimitry Afanasenkov      0  0  0  -1  0   1  0  0  2  8  
Doug Janik               0  0  0   0  0   0  0  2  0  27 
Eric Lindros             1  0  1  -1  0   3  0  0  4  24 
Jaromir Jagr             0  0  0   0  2   3  4  0  2  22 
Jay Pandolfo             0  1  1   1  0   1  0  0  1  14 
Mats Sundin              0  0  0   0  0   3  3  0  31 22 
Nolan Pratt              0  0  0   1  0   0  1  0  0  26 
Pierre Turgeon           0  0  0   0  0   0  0  0  1  4  
Ruslan Fedotenko         0  1  1   1  2   0  1  0  0  13 
Tim Taylor               1  0  1   0  2   2  0  0  20 17 
Tom Poti                 0  1  1  -2  0   3  0  1  0  26 
Vaclav Prospal           0  0  0   0  0   0  2  0  1  19 
Vincent Lecavalier       1  0  1  -1  2   10 3  0  3  25 
Willie Mitchell          0  0  0  -1  0   0  1  1  0  21 

3 Stars

1 - Dainius Zubrus (WSH)
2 - Alexander Ovechkin (WSH)
3 - Chris Clark (WSH)

Power Play

Capitals - 1 on 4 Attempt(s) - 25.00%
Lightning - 2 on 10 Attempt(s) - 20.00%

Penalty Kill

Capitals - 8 on 10 Attempt(s) - 80.00% - Score 0 goal in Penalty Kill
Lightning - 3 on 4 Attempt(s) - 75.00% - Score 0 goal in Penalty Kill

Game Notes

Chris Phillips and Chris Clark fight to a draw at 5:34 of 2nd period
Ryane Clowe is injured at 8:32 of 2nd period (Wrist)

Finance

Level 1 -- Attendance: 4050 (66.66%) -- Ticket Income $405,000.00
Level 2 -- Attendance: 3815 (68.14%) -- Ticket Income $228,900.00
Level 3 -- Attendance: 1507 (55.13%) -- Ticket Income $60,280.00
Level 4 -- Attendance: 1776 (40.82%) -- Ticket Income $62,160.00
Luxury Box -- Attendance: 456 (45.63%) -- Ticket Income $136,800.00
Game was played at the St. Pete Times Forum
Total Attendance: 11604 (58.73%)
Total Ticket Income: $933,223.30
Other Income: $154,541.10
Total Income: $1,087,764.00


Play by Play

Period #1

0:01 of 1st period - David Vyborny wins face-off versus Brad Richards in neutral zone.
0:20 of 1st period - Shot by Alexander Ovechkin.
0:20 of 1st period - Shot Misses the Net.
0:25 of 1st period - Minor Penalty to Alexander Ovechkin for Holding.
0:26 of 1st period - Dainius Zubrus wins face-off versus Mats Sundin in Capitals zone.
1:58 of 1st period - Shot by Vincent Lecavalier.
1:58 of 1st period - Stopped by Marty Turco without a rebound.
1:59 of 1st period - Brad Richards wins face-off versus Dainius Zubrus in Capitals zone.
2:16 of 1st period - Shaone Morrisonn is hit by Brad Richards and loses puck.
3:23 of 1st period - Shot by Mats Sundin.
3:23 of 1st period - Stopped by Marty Turco without a rebound.
3:24 of 1st period - Dainius Zubrus wins face-off versus Tim Taylor in Capitals zone.
3:55 of 1st period - Shot by Alexander Semin.
3:55 of 1st period - Shot Misses the Net.
3:59 of 1st period - Shot by Kris Beech.
3:59 of 1st period - Shot Misses the Net.
4:01 of 1st period - Shot by Dainius Zubrus.
4:01 of 1st period - Goal by Dainius Zubrus - Capitals : 1 - Lightning : 0.
4:02 of 1st period - Brad Richards wins face-off versus Brian Sutherby in neutral zone.
4:39 of 1st period - Shot by Ryane Clowe.
4:39 of 1st period - Shot Misses the Net.
4:57 of 1st period - Icing by Alexander Ovechkin.
4:58 of 1st period - David Vyborny wins face-off versus Tim Taylor in Capitals zone.
4:58 of 1st period - David Vyborny is hit by Ruslan Fedotenko.
5:07 of 1st period - Minor Penalty to Alexander Ovechkin for Slashing.
5:08 of 1st period - Mats Sundin wins face-off versus Dainius Zubrus in Capitals zone.
6:40 of 1st period - Icing by Vaclav Prospal.
6:41 of 1st period - Mats Sundin wins face-off versus Dainius Zubrus in Lightning zone.
6:59 of 1st period - Off-side.
7:00 of 1st period - Mats Sundin wins face-off versus Brian Sutherby in neutral zone.
7:17 of 1st period - Shot by Dimitry Afanasenkov.
7:17 of 1st period - Shot Misses the Net.
7:22 of 1st period - Icing by David Vyborny.
7:23 of 1st period - Tim Taylor wins face-off versus David Vyborny in Capitals zone.
7:24 of 1st period - Shot by Ruslan Fedotenko.
7:24 of 1st period - Shot Misses the Net.
7:26 of 1st period - Shot by Jay Pandolfo.
7:26 of 1st period - Shot Blocked by Shaone Morrisonn.
7:46 of 1st period - Jay Pandolfo is hit by Alexander Ovechkin and loses puck.
8:42 of 1st period - Icing by Bryan Muir.
8:43 of 1st period - Mats Sundin wins face-off versus Dainius Zubrus in Capitals zone.
9:00 of 1st period - Shot by Mats Sundin.
9:00 of 1st period - Shot Misses the Net.
9:04 of 1st period - Shot by Brad Richards.
9:04 of 1st period - Shot Misses the Net.
9:06 of 1st period - Shot by Jaromir Jagr.
9:06 of 1st period - Shot Misses the Net.
9:20 of 1st period - Shot by Jaromir Jagr.
9:20 of 1st period - Stopped by Marty Turco with a rebound.
10:06 of 1st period - Shot by Brian Sutherby.
10:06 of 1st period - Deflect By Ryane Clowe.
10:06 of 1st period - Shot Misses the Net.
10:26 of 1st period - Shot by Vincent Lecavalier.
10:26 of 1st period - Deflect By Jay Pandolfo.
10:26 of 1st period - Stopped by Marty Turco without a rebound.
10:27 of 1st period - Mats Sundin wins face-off versus David Vyborny in Capitals zone.
10:45 of 1st period - Minor Penalty to Alexander Ovechkin for Holding Stick.
10:46 of 1st period - Brian Sutherby wins face-off versus Mats Sundin in Lightning zone.
10:50 of 1st period - Icing by Nolan Pratt.
10:51 of 1st period - Mats Sundin wins face-off versus Brian Sutherby in Lightning zone.
10:51 of 1st period - Mats Sundin is hit by Chris Clark.
11:00 of 1st period - Minor Penalty to Brian Sutherby for Roughing.
11:01 of 1st period - Brad Richards wins face-off versus Chris Clark in Capitals zone.
11:02 of 1st period - Shot by Vincent Lecavalier.
11:02 of 1st period - Shot Blocked by Steve Eminger.
11:04 of 1st period - Shot by Eric Lindros.
11:04 of 1st period - Shot Misses the Net.
11:06 of 1st period - Shot by Tom Poti.
11:06 of 1st period - Stopped by Marty Turco without a rebound.
11:07 of 1st period - Brad Richards wins face-off versus Ryane Clowe in Capitals zone.
11:12 of 1st period - Shot by Vincent Lecavalier.
11:12 of 1st period - Stopped by Marty Turco without a rebound.
11:13 of 1st period - Dainius Zubrus wins face-off versus Mats Sundin in Capitals zone.
11:53 of 1st period - Icing by Vaclav Prospal.
11:54 of 1st period - Jaromir Jagr wins face-off versus Richard Zednik in Lightning zone.
12:18 of 1st period - Shot by Tom Poti.
12:18 of 1st period - Shot Misses the Net.
12:20 of 1st period - Shot by Tom Poti.
12:20 of 1st period - Shot Misses the Net.
12:24 of 1st period - Shot by Brad Richards.
12:24 of 1st period - Shot Misses the Net.
12:28 of 1st period - Shot by Vincent Lecavalier.
12:28 of 1st period - Stopped by Marty Turco with a rebound.
12:30 of 1st period - Shot by Brad Richards.
12:30 of 1st period - Stopped by Marty Turco without a rebound.
12:31 of 1st period - Ryane Clowe wins face-off versus Brad Richards in Capitals zone.
13:24 of 1st period - Icing by Jeff Schultz.
13:25 of 1st period - Vaclav Prospal wins face-off versus Ryane Clowe in Capitals zone.
13:50 of 1st period - Shot by Mats Sundin.
13:50 of 1st period - Shot Misses the Net.
13:52 of 1st period - Shot by Jaromir Jagr.
13:52 of 1st period - Deflect By Mats Sundin.
13:52 of 1st period - Shot Misses the Net.
13:54 of 1st period - Shot by Chris Phillips.
13:54 of 1st period - Shot Misses the Net.
14:15 of 1st period - Icing by Tom Poti.
14:16 of 1st period - Dainius Zubrus wins face-off versus Brad Richards in Lightning zone.
15:08 of 1st period - Shot by Jay Pandolfo.
15:08 of 1st period - Shot Misses the Net.
15:17 of 1st period - Icing by Nolan Pratt.
15:18 of 1st period - Chris Clark wins face-off versus Tim Taylor in Lightning zone.
15:21 of 1st period - Shot by Alexander Ovechkin.
15:21 of 1st period - Shot Misses the Net.
15:24 of 1st period - Icing by Carlo Colaiacovo.
15:25 of 1st period - David Vyborny wins face-off versus Tim Taylor in Lightning zone.
15:27 of 1st period - Alexander Ovechkin is hit by Nolan Pratt and loses puck.
15:52 of 1st period - Shot by Alexander Ovechkin.
15:52 of 1st period - Stopped by Martin Gerber without a rebound.
15:53 of 1st period - Brad Richards wins face-off versus Brian Sutherby in Lightning zone.
16:22 of 1st period - Shot by Ryane Clowe.
16:22 of 1st period - Shot Blocked by Brad Richards.
16:48 of 1st period - Shot by Alexander Ovechkin.
16:48 of 1st period - Deflect By Chris Clark.
16:48 of 1st period - Stopped by Martin Gerber with a rebound.
16:50 of 1st period - Shot by Alexander Ovechkin.
16:50 of 1st period - Shot Misses the Net.
17:34 of 1st period - Shot by Dainius Zubrus.
17:34 of 1st period - Shot Blocked by Chris Phillips.
17:36 of 1st period - Shot by Alexander Semin.
17:36 of 1st period - Deflect By Dainius Zubrus.
17:36 of 1st period - Shot Blocked by Doug Janik.
17:38 of 1st period - Shot by Kris Beech.
17:38 of 1st period - Shot Misses the Net.
17:40 of 1st period - Shot by Alexander Semin.
17:40 of 1st period - Shot Blocked by Chris Phillips.
17:42 of 1st period - Shot by Dainius Zubrus.
17:42 of 1st period - Stopped by Martin Gerber without a rebound.
17:43 of 1st period - Brian Sutherby wins face-off versus Tim Taylor in Lightning zone.
17:44 of 1st period - Shot by Richard Zednik.
17:44 of 1st period - Shot Blocked by Tom Poti.
18:02 of 1st period - Tom Poti is hit by Brian Sutherby and loses puck.
18:12 of 1st period - Off-side.
18:13 of 1st period - Brad Richards wins face-off versus Dainius Zubrus in neutral zone.
18:16 of 1st period - Shot by Eric Lindros.
18:16 of 1st period - Shot Blocked by Bryan Muir.
18:21 of 1st period - Alexander Semin is hit by Brad Richards.
18:31 of 1st period - Shot by Brad Richards.
18:31 of 1st period - Shot Misses the Net.
18:42 of 1st period - Minor Penalty to Vincent Lecavalier for Hooking.
18:43 of 1st period - Tim Taylor wins face-off versus David Vyborny in Lightning zone.
18:43 of 1st period - Tim Taylor is hit by Chris Clark.
19:03 of 1st period - Shot by David Vyborny.
19:03 of 1st period - Stopped by Martin Gerber without a rebound.
19:04 of 1st period - Eric Lindros wins face-off versus David Vyborny in Lightning zone.
19:25 of 1st period - Shot by Alexander Semin.
19:25 of 1st period - Shot Misses the Net.
19:38 of 1st period - Minor Penalty to Ruslan Fedotenko for Hooking.
19:39 of 1st period - Tim Taylor wins face-off versus Ryane Clowe in Lightning zone.
19:48 of 1st period - Shot by Adrian Aucoin.
19:48 of 1st period - Shot Misses the Net.
19:50 of 1st period - Shot by Ryane Clowe.
19:50 of 1st period - Goal by Ryane Clowe - Capitals : 2 - Lightning : 0.
19:51 of 1st period - Tim Taylor wins face-off versus David Vyborny in neutral zone.

Period #2

0:01 of 2nd period - David Vyborny wins face-off versus Tim Taylor in neutral zone.
0:31 of 2nd period - Shot by David Vyborny.
0:31 of 2nd period - Deflect By Alexander Ovechkin.
0:31 of 2nd period - Stopped by Martin Gerber without a rebound.
0:32 of 2nd period - David Vyborny wins face-off versus Jay Pandolfo in Lightning zone.
0:45 of 2nd period - Shot by Chris Clark.
0:45 of 2nd period - Stopped by Martin Gerber with a rebound.
0:47 of 2nd period - Shot by Adrian Aucoin.
0:47 of 2nd period - Stopped by Martin Gerber without a rebound.
0:48 of 2nd period - Eric Lindros wins face-off versus David Vyborny in Lightning zone.
0:57 of 2nd period - Vincent Lecavalier is hit by Matt Pettinger and loses puck.
1:55 of 2nd period - Off-side.
1:56 of 2nd period - Brad Richards wins face-off versus Brian Sutherby in neutral zone.
2:01 of 2nd period - Icing by Richard Zednik.
2:02 of 2nd period - Ryane Clowe wins face-off versus Tim Taylor in Capitals zone.
2:27 of 2nd period - Shot by Ryane Clowe.
2:27 of 2nd period - Shot Misses the Net.
2:55 of 2nd period - Shot by Alexander Semin.
2:55 of 2nd period - Shot Misses the Net.
2:57 of 2nd period - Shot by Alexander Semin.
2:57 of 2nd period - Deflect By Dainius Zubrus.
2:57 of 2nd period - Shot Blocked by Doug Janik.
3:01 of 2nd period - Shot by Alexander Semin.
3:01 of 2nd period - Shot Misses the Net.
3:11 of 2nd period - Shot by Alexander Semin.
3:11 of 2nd period - Shot Misses the Net.
3:44 of 2nd period - Icing by Chris Clark.
3:45 of 2nd period - David Vyborny wins face-off versus Brad Richards in Capitals zone.
3:59 of 2nd period - Shot by Alexander Ovechkin.
3:59 of 2nd period - Goal by Alexander Ovechkin - Capitals : 3 - Lightning : 0.
4:00 of 2nd period - Brad Richards wins face-off versus Brian Sutherby in neutral zone.
4:02 of 2nd period - Vincent Lecavalier is hit by Richard Zednik and loses puck.
4:35 of 2nd period - Shot by Ryane Clowe.
4:35 of 2nd period - Shot Misses the Net.
4:44 of 2nd period - Vincent Lecavalier is hit by Dainius Zubrus and loses puck.
5:34 of 2nd period - Chris Phillips and Chris Clark fight to a draw.
5:34 of 2nd period - Penalty to Chris Phillips for Fighting.
5:34 of 2nd period - Penalty to Chris Clark for Fighting.
5:35 of 2nd period - Mats Sundin wins face-off versus David Vyborny in Capitals zone.
5:52 of 2nd period - Shot by Alexander Ovechkin.
5:52 of 2nd period - Stopped by Martin Gerber without a rebound.
5:53 of 2nd period - Brian Sutherby wins face-off versus Mats Sundin in Lightning zone.
5:55 of 2nd period - Minor Penalty to Jaromir Jagr for Hooking.
5:55 of 2nd period - Minor Penalty to Ryane Clowe for Goalie Interference.
5:56 of 2nd period - David Vyborny wins face-off versus Mats Sundin in Lightning zone.
6:59 of 2nd period - Shot by Alexander Ovechkin.
6:59 of 2nd period - Stopped by Martin Gerber without a rebound.
7:00 of 2nd period - Kris Beech wins face-off versus Pierre Turgeon in Lightning zone.
8:02 of 2nd period - Shot by Dainius Zubrus.
8:02 of 2nd period - Shot Misses the Net.
8:04 of 2nd period - Shot by Ryane Clowe.
8:04 of 2nd period - Shot Misses the Net.
8:06 of 2nd period - Shot by Brian Pothier.
8:06 of 2nd period - Stopped by Martin Gerber without a rebound.
8:07 of 2nd period - Brian Sutherby wins face-off versus Mats Sundin in Lightning zone.
8:31 of 2nd period - Ryane Clowe is hit by Jaromir Jagr and loses puck.
8:32 of 2nd period - Ryane Clowe from Capitals is injured at 8:32 of 2nd period (Wrist).
8:33 of 2nd period - David Vyborny wins face-off versus Tim Taylor in Capitals zone.
8:33 of 2nd period - David Vyborny is hit by Antti Laaksonen.
8:41 of 2nd period - Shot by Antti Laaksonen.
8:41 of 2nd period - Shot Hit the Post.
8:43 of 2nd period - Shot by Doug Janik.
8:43 of 2nd period - Shot Hit the Post.
8:47 of 2nd period - Shot by Antti Laaksonen.
8:47 of 2nd period - Stopped by Marty Turco without a rebound.
8:48 of 2nd period - Dainius Zubrus wins face-off versus Brad Richards in Capitals zone.
9:53 of 2nd period - Off-side.
9:54 of 2nd period - Tim Taylor wins face-off versus Brian Sutherby in neutral zone.
10:11 of 2nd period - Shot by Tim Taylor.
10:11 of 2nd period - Goal by Tim Taylor - Capitals : 3 - Lightning : 1.
10:12 of 2nd period - Mats Sundin wins face-off versus Matt Cooke in neutral zone.
10:20 of 2nd period - Icing by Matt Cooke.
10:21 of 2nd period - Mats Sundin wins face-off versus David Vyborny in Capitals zone.
11:09 of 2nd period - Shot by Richard Zednik.
11:09 of 2nd period - Stopped by Martin Gerber without a rebound.
11:10 of 2nd period - Tim Taylor wins face-off versus Dainius Zubrus in Lightning zone.
11:12 of 2nd period - Minor Penalty to Dainius Zubrus for Tripping.
11:13 of 2nd period - Richard Zednik wins face-off versus Dimitry Afanasenkov in Lightning zone.
11:14 of 2nd period - Shot by Kris Beech.
11:14 of 2nd period - Shot Misses the Net.
12:15 of 2nd period - Shaone Morrisonn is hit by Jaromir Jagr and loses puck.
12:33 of 2nd period - Minor Penalty to Alexander Ovechkin for Holding.
12:34 of 2nd period - Brad Richards wins face-off versus Richard Zednik in neutral zone.
12:45 of 2nd period - Shot by Brad Richards.
12:45 of 2nd period - Shot Misses the Net.
12:47 of 2nd period - Shot by Tom Poti.
12:47 of 2nd period - Stopped by Marty Turco without a rebound.
12:48 of 2nd period - Brian Sutherby wins face-off versus Brad Richards in Capitals zone.
14:05 of 2nd period - Icing by Tom Poti.
14:06 of 2nd period - Brad Richards wins face-off versus Brian Sutherby in Lightning zone.
14:16 of 2nd period - Off-side.
14:17 of 2nd period - Brad Richards wins face-off versus Dainius Zubrus in neutral zone.
14:22 of 2nd period - Shot by Eric Lindros.
14:22 of 2nd period - Stopped by Marty Turco without a rebound.
14:23 of 2nd period - Dainius Zubrus wins face-off versus Mats Sundin in Capitals zone.
14:39 of 2nd period - Shot by Antti Laaksonen.
14:39 of 2nd period - Stopped by Marty Turco with a rebound.
14:42 of 2nd period - Antti Laaksonen is hit by Ben Clymer and loses puck.
14:47 of 2nd period - Shot by Dimitry Afanasenkov.
14:47 of 2nd period - Stopped by Marty Turco without a rebound.
14:48 of 2nd period - Tim Taylor wins face-off versus Brian Sutherby in Capitals zone.
14:48 of 2nd period - Tim Taylor is hit by Richard Zednik.
15:11 of 2nd period - Nolan Pratt is hit by Richard Zednik and loses puck.
15:17 of 2nd period - Icing by Richard Zednik.
15:18 of 2nd period - Brad Richards wins face-off versus Brian Sutherby in Capitals zone.
15:18 of 2nd period - Brad Richards is hit by Brian Sutherby.
15:42 of 2nd period - Shot by Vincent Lecavalier.
15:42 of 2nd period - Shot Misses the Net.
16:02 of 2nd period - Shot by Alexander Ovechkin.
16:02 of 2nd period - Stopped by Martin Gerber with a rebound.
16:06 of 2nd period - Shot by Alexander Ovechkin.
16:06 of 2nd period - Shot Misses the Net.
16:10 of 2nd period - Shot by David Vyborny.
16:10 of 2nd period - Shot Blocked by Willie Mitchell.
16:12 of 2nd period - Shot by Shaone Morrisonn.
16:12 of 2nd period - Stopped by Martin Gerber without a rebound.
16:13 of 2nd period - David Vyborny wins face-off versus Mats Sundin in Lightning zone.
16:13 of 2nd period - Chris Clark is hit by Mats Sundin and loses puck.
16:38 of 2nd period - Shaone Morrisonn is hit by Jaromir Jagr.
17:05 of 2nd period - Icing by Shaone Morrisonn.
17:06 of 2nd period - Tim Taylor wins face-off versus David Vyborny in Capitals zone.
17:47 of 2nd period - Minor Penalty to Tim Taylor for Hooking.
17:48 of 2nd period - Vincent Lecavalier wins face-off versus Alexander Ovechkin in Lightning zone.
19:20 of 2nd period - Icing by Jeff Schultz.
19:21 of 2nd period - Vincent Lecavalier wins face-off versus Brian Sutherby in Capitals zone.
19:21 of 2nd period - Jay Pandolfo is hit by Steve Eminger and loses puck.
19:56 of 2nd period - Shot by Dimitry Afanasenkov.
19:56 of 2nd period - Shot Misses the Net.

Period #3

0:01 of 3rd period - Brad Richards wins face-off versus David Vyborny in neutral zone.
0:08 of 3rd period - Shot by Vincent Lecavalier.
0:08 of 3rd period - Stopped by Marty Turco without a rebound.
0:09 of 3rd period - Mats Sundin wins face-off versus Alexander Semin in Capitals zone.
0:28 of 3rd period - Shot by Mats Sundin.
0:28 of 3rd period - Stopped by Marty Turco without a rebound.
0:29 of 3rd period - Brad Richards wins face-off versus David Vyborny in Capitals zone.
0:43 of 3rd period - Brad Richards is hit by Chris Clark and loses puck.
1:00 of 3rd period - Shot by Vincent Lecavalier.
1:00 of 3rd period - Stopped by Marty Turco without a rebound.
1:01 of 3rd period - Brian Sutherby wins face-off versus Mats Sundin in Capitals zone.
1:12 of 3rd period - Icing by Jaromir Jagr.
1:13 of 3rd period - Dainius Zubrus wins face-off versus Jaromir Jagr in Lightning zone.
1:23 of 3rd period - Minor Penalty to Alexander Semin for Hooking.
1:24 of 3rd period - Brian Sutherby wins face-off versus Brad Richards in Capitals zone.
1:35 of 3rd period - Shot by Eric Lindros.
1:35 of 3rd period - Goal by Eric Lindros - Capitals : 3 - Lightning : 2.
1:36 of 3rd period - Tim Taylor wins face-off versus Brian Sutherby in neutral zone.
2:05 of 3rd period - Shot by Tim Taylor.
2:05 of 3rd period - Stopped by Marty Turco without a rebound.
2:06 of 3rd period - Chris Clark wins face-off versus Brad Richards in Capitals zone.
2:11 of 3rd period - Tom Poti is hit by Chris Clark.
2:12 of 3rd period - Icing by Tom Poti.
2:13 of 3rd period - David Vyborny wins face-off versus Brad Richards in Lightning zone.
2:20 of 3rd period - Shot by David Vyborny.
2:20 of 3rd period - Deflect By Richard Zednik.
2:20 of 3rd period - Stopped by Martin Gerber without a rebound.
2:21 of 3rd period - Mats Sundin wins face-off versus David Vyborny in Lightning zone.
2:32 of 3rd period - Shot by Jaromir Jagr.
2:32 of 3rd period - Shot Misses the Net.
2:44 of 3rd period - Shot by Alexander Ovechkin.
2:44 of 3rd period - Deflect By David Vyborny.
2:44 of 3rd period - Stopped by Martin Gerber with a rebound.
2:46 of 3rd period - Shot by Chris Clark.
2:46 of 3rd period - Stopped by Martin Gerber without a rebound.
2:47 of 3rd period - Brad Richards wins face-off versus Kris Beech in Lightning zone.
3:53 of 3rd period - Chris Clark is hit by Chris Phillips and loses puck.
4:00 of 3rd period - Shot by Vaclav Prospal.
4:00 of 3rd period - Shot Misses the Net.
4:10 of 3rd period - Shot by Jaromir Jagr.
4:10 of 3rd period - Shot Misses the Net.
5:42 of 3rd period - Shot by Matt Cooke.
5:42 of 3rd period - Shot Misses the Net.
5:44 of 3rd period - Shot by Shaone Morrisonn.
5:44 of 3rd period - Shot Misses the Net.
5:53 of 3rd period - Icing by Vincent Lecavalier.
5:54 of 3rd period - Brad Richards wins face-off versus Dainius Zubrus in Lightning zone.
5:54 of 3rd period - Brad Richards is hit by Alexander Semin.
6:24 of 3rd period - Shot by Mats Sundin.
6:24 of 3rd period - Shot Misses the Net.
6:28 of 3rd period - Shot by Mats Sundin.
6:28 of 3rd period - Shot Misses the Net.
6:33 of 3rd period - Jaromir Jagr is hit by Alexander Semin.
6:40 of 3rd period - Mats Sundin is hit by Dainius Zubrus and loses puck.
6:42 of 3rd period - Minor Penalty to Steve Eminger for High sticking.
6:43 of 3rd period - Mats Sundin wins face-off versus Brian Sutherby in Capitals zone.
6:51 of 3rd period - Icing by Jaromir Jagr.
6:52 of 3rd period - Mats Sundin wins face-off versus Kris Beech in Lightning zone.
6:57 of 3rd period - Kris Beech is hit by Mats Sundin and loses puck.
7:07 of 3rd period - Vaclav Prospal is hit by Ben Clymer and loses puck.
7:32 of 3rd period - Shot by Vincent Lecavalier.
7:32 of 3rd period - Goal by Vincent Lecavalier - Capitals : 3 - Lightning : 3.
7:33 of 3rd period - Tim Taylor wins face-off versus David Vyborny in neutral zone.
7:37 of 3rd period - Jay Pandolfo is hit by Matt Cooke and loses puck.
8:35 of 3rd period - Shot by David Vyborny.
8:35 of 3rd period - Deflect By Alexander Ovechkin.
8:35 of 3rd period - Shot Misses the Net.
8:39 of 3rd period - Shot by Chris Clark.
8:39 of 3rd period - Stopped by Martin Gerber without a rebound.
8:40 of 3rd period - Dainius Zubrus wins face-off versus Vincent Lecavalier in Lightning zone.
8:59 of 3rd period - Shot by Brad Richards.
8:59 of 3rd period - Shot Blocked by Dainius Zubrus.
9:01 of 3rd period - Shot by Vincent Lecavalier.
9:01 of 3rd period - Stopped by Marty Turco without a rebound.
9:02 of 3rd period - Mats Sundin wins face-off versus Brian Sutherby in Capitals zone.
9:31 of 3rd period - Shot by Chris Clark.
9:31 of 3rd period - Shot Blocked by Chris Phillips.
10:08 of 3rd period - Dainius Zubrus is hit by Willie Mitchell and loses puck.
10:39 of 3rd period - Shot by Alexander Ovechkin.
10:39 of 3rd period - Shot Misses the Net.
11:16 of 3rd period - Shot by Richard Zednik.
11:16 of 3rd period - Stopped by Martin Gerber without a rebound.
11:17 of 3rd period - Brian Sutherby wins face-off versus Mats Sundin in Lightning zone.
11:17 of 3rd period - Brian Sutherby is hit by Mats Sundin.
11:18 of 3rd period - Minor Penalty to Chris Phillips for Charging.
11:19 of 3rd period - Tim Taylor wins face-off versus Matt Cooke in Lightning zone.
11:41 of 3rd period - Shot by Adrian Aucoin.
11:41 of 3rd period - Stopped by Martin Gerber with a rebound.
11:45 of 3rd period - Shot by Adrian Aucoin.
11:45 of 3rd period - Shot Misses the Net.
12:24 of 3rd period - Shot by Alexander Semin.
12:24 of 3rd period - Stopped by Martin Gerber with a rebound.
13:03 of 3rd period - Icing by David Vyborny.
13:04 of 3rd period - Eric Lindros wins face-off versus David Vyborny in Capitals zone.
13:11 of 3rd period - Shot by Brad Richards.
13:11 of 3rd period - Stopped by Marty Turco without a rebound.
13:12 of 3rd period - Tim Taylor wins face-off versus Kris Beech in Capitals zone.
13:18 of 3rd period - Minor Penalty to Bryan Muir for Interference.
13:19 of 3rd period - Dainius Zubrus wins face-off versus Mats Sundin in Capitals zone.
13:19 of 3rd period - Dainius Zubrus is hit by Jaromir Jagr.
13:37 of 3rd period - Shot by Jaromir Jagr.
13:37 of 3rd period - Stopped by Marty Turco with a rebound.
13:41 of 3rd period - Shot by Mats Sundin.
13:41 of 3rd period - Stopped by Marty Turco without a rebound.
13:42 of 3rd period - Brad Richards wins face-off versus Dainius Zubrus in Capitals zone.
13:43 of 3rd period - Shot by Vincent Lecavalier.
13:43 of 3rd period - Stopped by Marty Turco without a rebound.
13:44 of 3rd period - Dainius Zubrus wins face-off versus Brad Richards in Capitals zone.
13:55 of 3rd period - Jeff Schultz is hit by Vincent Lecavalier and loses puck.
15:17 of 3rd period - Jeff Schultz is hit by Vaclav Prospal and loses puck.
16:18 of 3rd period - Shot by Willie Mitchell.
16:18 of 3rd period - Shot Misses the Net.
16:22 of 3rd period - Shot by Brad Richards.
16:22 of 3rd period - Deflect By Vincent Lecavalier.
16:22 of 3rd period - Stopped by Marty Turco without a rebound.
16:23 of 3rd period - Dainius Zubrus wins face-off versus Mats Sundin in Capitals zone.
16:23 of 3rd period - Dainius Zubrus is hit by Vaclav Prospal.
16:44 of 3rd period - Jaromir Jagr is hit by Alexander Semin and loses puck.
16:49 of 3rd period - Shot by Mats Sundin.
16:49 of 3rd period - Shot Misses the Net.
16:51 of 3rd period - Shot by Jaromir Jagr.
16:51 of 3rd period - Stopped by Marty Turco without a rebound.
16:51 of 3rd period - Double Minor Penalty to Brian Pothier for High sticking.
16:52 of 3rd period - Brad Richards wins face-off versus Brian Sutherby in Capitals zone.
17:07 of 3rd period - Shot by Vincent Lecavalier.
17:07 of 3rd period - Shot Misses the Net.
17:09 of 3rd period - Shot by Vincent Lecavalier.
17:09 of 3rd period - Shot Misses the Net.
17:11 of 3rd period - Shot by Eric Lindros.
17:11 of 3rd period - Stopped by Marty Turco without a rebound.
17:12 of 3rd period - Mats Sundin wins face-off versus Brian Sutherby in Capitals zone.
18:08 of 3rd period - Shot by Vincent Lecavalier.
18:08 of 3rd period - Stopped by Marty Turco without a rebound.
18:09 of 3rd period - Brad Richards wins face-off versus Brian Sutherby in Capitals zone.
18:09 of 3rd period - Brad Richards is hit by Brian Sutherby.
18:11 of 3rd period - Shot by Tom Poti.
18:11 of 3rd period - Stopped by Marty Turco without a rebound.
18:12 of 3rd period - Brian Sutherby wins face-off versus Eric Lindros in Capitals zone.
18:12 of 3rd period - Brian Sutherby is hit by Vincent Lecavalier.
19:07 of 3rd period - Off-side.
19:08 of 3rd period - Brian Sutherby wins face-off versus Mats Sundin in neutral zone.
19:32 of 3rd period - Icing by Jaromir Jagr.
19:33 of 3rd period - Mats Sundin wins face-off versus Dainius Zubrus in Lightning zone.

Overtime #1

0:01 of 1st overtime period - Dainius Zubrus wins face-off versus Mats Sundin in neutral zone.
1:17 of 1st overtime period - Adrian Aucoin is hit by Vincent Lecavalier and loses puck.
3:06 of 1st overtime period - Shot by Alexander Semin.
3:06 of 1st overtime period - Stopped by Martin Gerber without a rebound.
3:07 of 1st overtime period - Mats Sundin wins face-off versus Alexander Ovechkin in Lightning zone.
3:20 of 1st overtime period - Shot by Jaromir Jagr.
3:20 of 1st overtime period - Shot Misses the Net.
3:36 of 1st overtime period - Shot by Alexander Ovechkin.
3:36 of 1st overtime period - Stopped by Martin Gerber with a rebound.
3:53 of 1st overtime period - Off-side.
3:54 of 1st overtime period - David Vyborny wins face-off versus Dimitry Afanasenkov in neutral zone.
4:01 of 1st overtime period - Shot by David Vyborny.
4:01 of 1st overtime period - Shot Misses the Net.
4:05 of 1st overtime period - Shot by David Vyborny.
4:05 of 1st overtime period - Stopped by Martin Gerber with a rebound.

ShootOut

ShootOut - Penalty Shot by Alexander Semin for Capitals.
ShootOut - Stopped by Martin Gerber.
ShootOut - Penalty Shot by Vincent Lecavalier for Lightning.
ShootOut - Stopped by Marty Turco.
ShootOut - Penalty Shot by Alexander Ovechkin for Capitals.
ShootOut - Shot Misses the Net.
ShootOut - Penalty Shot by Jaromir Jagr for Lightning.
ShootOut - Stopped by Marty Turco.
ShootOut - Penalty Shot by Kris Beech for Capitals.
ShootOut - Shot Misses the Net.
ShootOut - Penalty Shot by Dimitry Afanasenkov for Lightning.
ShootOut - Shot Misses the Net.
ShootOut - Penalty Shot by Chris Clark for Capitals.
ShootOut - Goal by Chris Clark.
ShootOut - Penalty Shot by Brad Richards for Lightning.
ShootOut - Shot Misses the Net.


Output by the SimonT Hockey Simulator (STHS) for Stephane Roy -- Original Page W3C XHTML 1.0 Valid